 Dungeon Crawl Stone Soup version 0.26-a0-651-gb41185065b (webtiles) character file.

Game seed: 14342015406240931276

100 tof the Sneak (level 4, -5/27 HPs)
             Began as a Vampire Brigand on Oct 7, 2020.
             Slain by an orc wizard
             ... wielding a +0 dagger
              (6 damage)
             ... on level 2 of the Dungeon.
             The game lasted 00:06:04 (2768 turns).

tof the Sneak (Vampire Brigand)                     Turns: 2768, Time: 00:06:05

Health: -5/27      AC:  4    Str:  8 (10) XL:     4   Next: 47%
Magic:  4/4        EV: 13    Int: 12 (13) God:
Gold:   104        SH:  0    Dex: 15 (16) Spells: 3/3 levels left

rFire    . . .     SeeInvis +   a - +2 dagger
rCold    + + .     Faith    .   (no shield)
rNeg     + + +     Spirit   .   b - +0 robe
rPois    ∞         Reflect  .   (no helmet)
rElec    .         Harm     .   c - +0 cloak
rCorr    .         Rampage  .   (no gloves)
MR       .....                  i - +0 pair of boots
Stlth    +++++.....             s - amulet of regeneration
HPRegen  0.00/turn              (no ring)
MPRegen  0.09/turn              (no ring)

@: lethally poisoned (-5 -> -5), bloodless
A: fangs 3, see invisible, unbreathing
a: Bat Form, Revivify


You were on level 2 of the Dungeon.
You visited 1 branch of the dungeon, and saw 4 of its levels.

You collected 104 gold pieces.

Inventory:

Hand Weapons
 a - a +2 dagger (weapon)
Missiles
 d - 26 poisoned darts (quivered)
 e - 2 curare-tipped darts
Armour
 b - a +0 robe (worn)
 c - a +0 cloak (worn)
 i - a +0 pair of boots (worn)
Jewellery
 s - an amulet of regeneration (around neck)
Scrolls
 f - a scroll of remove curse {unknown}
 g - a scroll of random uselessness {unknown}
 h - a scroll of enchant weapon {unknown}
 j - a scroll of amnesia {unknown}
 l - 2 scrolls of teleportation {unknown}
 m - a scroll of enchant armour {unknown}
 n - a scroll of fear {unknown}
 o - a scroll of blinking {unknown}
 q - 2 scrolls of identify {unknown}
Potions
 k - a potion of lignification {unknown}
 p - 2 potions of flight {unknown}
 r - a potion of might {unknown}


   Skills:
 + Level 2.5 Fighting
 + Level 3.0 Short Blades
 + Level 2.2 Throwing
 + Level 2.2 Dodging
 + Level 6.5 Stealth


You had 3 spell levels left.
You didn't know any spells.
Your spell library was empty.

Dungeon Overview and Level Annotations

Branches:
Dungeon (4/15)
 Temple: D:4-7

Altars:


Innate Abilities, Weirdness & Mutations

You do not regenerate when monsters are visible.
You are frail without blood (-20% HP).
You can heal yourself when you bite living creatures.
You are immune to poison.
You have razor-sharp teeth.
You have supernaturally acute eyesight. (SInv)
You can survive without breathing.


Message History

The orc wizard is heavily wounded.
You hit the orc wizard. Your bite misses the orc wizard.
The orc wizard is heavily wounded.
The orc wizard hits you with a +0 dagger.
* * * LOW HITPOINT WARNING * * *
There is a stone staircase leading up here.
You climb upwards.
There is a stone staircase leading down here.
You closely miss the orc wizard.
The orc wizard is heavily wounded.
The orc wizard gestures at you while chanting.
The puff of flame hits you!
* * * LOW HITPOINT WARNING * * *
You hit the orc wizard but do no damage.
The orc wizard is heavily wounded.
The orc wizard barely misses you.
You hit the orc wizard but do no damage.
The orc wizard is heavily wounded.
The orc wizard hits you with a +0 dagger.
You die...

##### ....#############
................#############
.##..##########o@...........#
.......##.......###########.#
........#.#####.# #.#
.##..#..#.# #.# ####.#####
.##..#..#.# #.# #.........
.##..#..#.# #.# #.##.#####
.##..#..#.# #.# #.##.#
.##..#..#.# #(# #.##.#
.....##.#.# #.# #.##.#####


You could see an orc wizard.

Vanquished Creatures
  5 adders
  A worm (D:2)
  A dart slug (D:1)
  A leopard gecko (D:2)
  2 orcs (D:3)
  2 ball pythons
  3 hobgoblins
  7 jackals
  5 kobolds
  A quokka (D:3)
  6 bats
  4 frilled lizards
  3 goblins (D:2)
  8 rats
49 creatures vanquished.

Vanquished Creatures (others)
  8 toadstools (D:3)
8 creatures vanquished.

Grand Total: 57 creatures vanquished

Notes
Turn   | Place    | Note
-------+----------+-------------------------------------------
     0 | D:1      | tof the Vampire Brigand began the quest for the Orb.
     0 | D:1      | Reached XP level 1. HP: 16/16 MP: 1/1
   320 | D:1      | Reached skill level 6 in Stealth
   320 | D:1      | Reached XP level 2. HP: 22/22 MP: 2/2
  1080 | D:2      | Reached XP level 3. HP: 27/27 MP: 3/3
  1337 | D:2      | You fall into a shaft and drop 2 floors!
  2140 | D:3      | Reached XP level 4. HP: 27/27 MP: 4/4
  2766 | D:2      | HP: 1/27 [orc wizard/puff of flame (7)]
  2768 | D:2      | Slain by an orc wizard

Illustrated notes

Levels and vault maps discovered:
D:1:      dpeg_arrival_connections, layout_basic, serial_curves, eino_curves_03,
          eino_curves_04
D:2:      layout_loops_ring, minmay_pentomino_p2
D:3:      cheibrodos_fertilizer, layout_loops_corners
D:4:      layout_cave_pools

Skill      XL: |  1  2  3  4 |
---------------+-------------+-----
Stealth        | 6 |  6.5
Fighting       | 2 |  2.5
Throwing       | 2 |  2.2
Dodging        | 2 |  2.2
Short Blades   | 3 |  3.0

Action                   |  1- 3 |  4- 6 || total
-------------------------+-------+-------++-------
Melee: Dagger            |   113 |    53 ||   166
       Bite              |     9 |     2 ||    11
       Unarmed           |    10 |       ||    10
Throw: Dart              |     1 |     3 ||     4
 Abil: End Transformatio |     1 |       ||     1
       Bat Form          |     1 |       ||     1
       Exsanguinate      |     1 |       ||     1
 Stab: Sleeping          |     8 |     2 ||    10
Armor: Robe              |    25 |    12 ||    37
Dodge: Dodged            |    87 |    27 ||   114

Table legend: (Time is in decaauts)
 A = Elapsed time spent in this place.
 B = Non-inter-level travel time spent in this place.
 C = Inter-level travel time spent in this place.
 D = Time resting spent in this place.
 E = Time spent auto-exploring this place.
 F = Levels seen in this place.
 G = Mean time per level.
                   A        B        C        D        E       F      G
               +--------+--------+--------+--------+--------+-----+--------+
         Total |   2731 |   2664 |     67 |    712 |   1487 |   4 |  682.8 |
       Dungeon |   2731 |   2664 |     67 |    712 |   1487 |   4 |  682.8 |
               +--------+--------+--------+--------+--------+-----+--------+

Top non-repeatable levels by time:
     D:3: 970 daAuts
     D:1: 887 daAuts
     D:2: 810 daAuts
     D:4: 62 daAuts
